 Dungeon Crawl Stone Soup version 0.25-a0-578-gc91f01c39c (webtiles) character file.

Game seed: 8641683911827645954, levelgen mode: deterministic

12017 Kohma the Martial Artist (level 11, 0/84 HPs)
             Began as a Gnoll Transmuter on Mar 7, 2020.
             Was a Priest of Makhleb.
             Slain by a porcupine (1 damage)
             ... on level 9 of the Dungeon.
             The game lasted 00:31:18 (10848 turns).

Kohma the Martial Artist (Gnoll Transmuter)        Turns: 10848, Time: 00:31:18

Health: 0/84       AC: 12    Str: 18    XL:     11   Next: 86%
Magic:  29/32      EV: 15    Int: 18    God:    Makhleb [***...]
Gold:   796        SH:  0    Dex: 11    Spells: 6/26 levels left

rFire    . . .     SeeInvis .     - Unarmed
rCold    . . .     Gourm    .   (no shield)
rNeg     . . .     Faith    .   y - +3 leather armour
rPois    +         Spirit   .   g - +0 helmet
rElec    +         Reflect  .   (no cloak)
rCorr    .         Harm     .   u - +2 pair of gloves
MR       .....                  F - +0 pair of boots
Stlth    +++.......             o - amulet of regeneration
HPRegen  0.64/turn              r - ring of magical power
MPRegen  0.23/turn              B - ring "Kuoqoe" {rElec rPois Str+4 Dex-4}

@: very slightly contaminated
A: distributed training, fangs 1, strong nose
a: Minor Destruction, Lesser Servant of Makhleb, Renounce Religion


You were on level 9 of the Dungeon.
You worshipped Makhleb.
Makhleb was most pleased with you.
You were not hungry.

You visited 3 branches of the dungeon, and saw 13 of its levels.
You also visited: Bailey.

You collected 796 gold pieces.

Inventory:

Hand Weapons
 i - a +3 trident
Missiles
 a - 281 arrows
 n - 6 poisoned darts (quivered)
Armour
 b - the +6 tower shield of Polish {rElec rN+ MR+}
   (You found it in a bailey)

   It insulates you from electricity.
   It protects you from negative energy.
   It affects your resistance to hostile enchantments.
 g - a +0 helmet (worn)
 q - a +0 ring mail of fire resistance
 u - a +2 pair of gloves (worn)
 y - a +3 leather armour (worn)
 F - a +0 pair of boots (worn)
 G - a +1 kite shield of protection
Magical Staves
 v - an uncursed staff of summoning
 x - an uncursed staff of conjuration
Jewellery
 o - an amulet of regeneration (around neck)
 r - a ring of magical power (left hand)
 B - the ring "Kuoqoe" (right hand) {rElec rPois Str+4 Dex-4}
   (You found it on level 6 of the Dungeon)

   [ring of poison resistance]

   It affects your strength (+4).
   It affects your dexterity (-4).
   It insulates you from electricity.
   It protects you from poison.
Wands
 h - a wand of acid (10)
 p - a wand of flame (23)
 E - a wand of iceblast (8)
Scrolls
 e - 5 scrolls of remove curse
 l - 4 scrolls of amnesia
 m - 2 scrolls of enchant weapon
 s - 3 scrolls of identify
 J - a scroll of silence
 K - a scroll of teleportation
Potions
 j - a potion of flight
 t - 2 potions of haste
 z - a potion of berserk rage
 A - 2 potions of stabbing
 C - 2 potions of curing
 D - 4 potions of might
 H - 2 potions of ambrosia
Comestibles
 c - 7 chunks of flesh
 d - 13 rations


   Skills:
 + Level 7.1 Fighting
 + Level 6.6 Short Blades
 + Level 6.6 Long Blades
 + Level 6.6 Axes
 + Level 6.6 Maces & Flails
 + Level 6.6 Polearms
 + Level 6.6 Staves
 + Level 6.6 Slings
 + Level 6.6 Bows
 + Level 6.6 Crossbows
 + Level 6.6 Throwing
 + Level 6.6 Armour
 + Level 8.1 Dodging
 + Level 6.6 Stealth
 + Level 6.6 Shields
 + Level 9.3 Unarmed Combat
 + Level 8.3 Spellcasting
 + Level 5.4 Conjurations
 + Level 5.4 Hexes
 + Level 5.4 Charms
 + Level 5.4 Summonings
 + Level 5.4 Necromancy
 + Level 5.4 Translocations
 + Level 6.7 Transmutations
 + Level 5.4 Fire Magic
 + Level 5.4 Ice Magic
 + Level 5.4 Air Magic
 + Level 5.4 Earth Magic
 + Level 5.4 Poison Magic
 + Level 7.2 Invocations
 + Level 6.6 Evocations


You had 6 spell levels left.
You knew the following spells:

 Your Spells              Type           Power        Failure   Level  Hunger
a - Swiftness             Chrm/Air       ####....     1%          2    None
b - Sticks to Snakes      Tmut           ####....     1%          2    None
c - Spider Form           Tmut/Pois      ####......   2%          3    None
d - Ice Form              Ice/Tmut       ####....     9%          4    ###....
e - Airstrike             Air            ####......   12%         4    ###....
f - Borgnjor's Vile Clut  Necr/Erth      ####......   32%         5    #####..

Your spell library contained the following spells:

 Spells                   Type           Power        Failure   Level  Hunger
 Beastly Appendage        Tmut           ####..       1%          1    None
 Shock                    Conj/Air       ####         1%          1    None
 Ozocubu's Armour         Chrm/Ice       ####....     3%          3    None
 Static Discharge         Conj/Air       ####....     3%          3    None
 Blade Hands              Tmut           ####......   19%         5    #####..
 Agony                    Necr           ####....     32%         5    #####..
 Excruciating Wounds      Chrm/Necr      ####......   32%         5    #####..
 Lightning Bolt           Conj/Air       ####......   32%         5    #####..
 Death Channel            Necr           ####......   87%         6    ######.


Dungeon Overview and Level Annotations

Branches:
Dungeon (11/15)            Temple (1/1) D:7            Lair (1/6) D:9
 Bailey (visited)
    Orc: D:9-12

Altars:
Ashenzari
Cheibriados
Dithmenos
Elyvilon
Fedhas
Gozag
Hepliaklqana
Kikubaaqudgha
Makhleb
Nemelex Xobeh
Okawaru
Qazlal
Ru
Sif Muna
Trog
Uskayaw
Vehumet
Wu Jian
Xom
Yredelemnul
Zin
The Shining One

Annotations:
D:9 2 transporters


Innate Abilities, Weirdness & Mutations

Your experience applies equally to all skills.
You have very sharp teeth.
Your uncanny sense of smell can sniff out nearby items.


Message History

Makhleb accepts your kill.
You feel better.
The porcupine misses you. x2; The komodo dragon bites you!
* * * LOW HITPOINT WARNING * * *
You see here a hippogriff skeleton.
The porcupine barely misses you. The spiny frog completely misses you.
Your transformation has ended.
Your +0 helmet unmelds from your body.
Your +2 pair of gloves unmelds from your body.
Your +0 pair of boots unmelds from your body.
Your +3 leather armour unmelds from your body.
The spiny frog closely misses you.
Casting: Spider Form (safe; 2% risk of failure)
Confirm with . or Enter, or press ? or * to list all spells.
You miscast Spider Form.
You are very lightly contaminated with residual magic.
Nothing appears to happen.
The spiny frog stings you!
* * * LOW HITPOINT WARNING * * *
The porcupine bites you.
You die...

#.#....#....##.....##..........
#.#)..###..##..)....#.......>÷.
#.#.#########.......#........†.
#..............................
#....###.#######.####.##....#..
#.#### #.# #.# #.#.÷.....# #.#
#.# ##.## #.#........
#.######.######...###..........
#.............@F.l.............
########.######r..#####.##.####
#.# ##.######.##.# #.#
#...........# #.# ########.####
#.############ #.#
#............###.#
############.....# #######


You could see a komodo dragon, a spiny frog and a porcupine.

Vanquished Creatures
  A centaur warrior (D:9)
  A two-headed ogre (D:10)
  3 death yaks (D:9)
  An orc knight (Bailey)
  A black mamba (D:9)
  Psyche (D:8)
  A hornet (D:10)
  A troll (D:10)
  A hippogriff (D:9)
  A wyvern (D:8)
  A wraith (D:10)
  6 yaks
  Grum (D:8)
  An acid dragon (D:11)
  Duvessa (D:5)
  A water moccasin (D:10)
  6 porcupines
  8 orc warriors
  A phantom (D:9)
  2 sky beasts
  6 ogres
  3 wolves (D:8)
  2 crocodiles
  9 centaurs
  7 bullfrogs
  A gnoll sergeant (D:6)
  A water moccasin zombie (D:5)
  Dowan (D:5)
  2 scorpions
  13 wights
  A howler monkey (D:9)
  3 crimson imps
  2 bullfrog skeletons (D:5)
  A jelly (D:8)
  A bullfrog zombie (D:7)
  2 orc priests (D:6)
  4 hounds
  5 orc wizards
  A centaur skeleton (D:7)
  2 iguanas
  A hell rat (D:9)
  7 worker ants
  A killer bee zombie (D:4)
  A hound zombie (D:5)
  4 hound skeletons
  A worker ant zombie (D:7)
  5 gnolls
  2 howler monkey skeletons
  6 adders
  A river rat (D:9)
  2 shadow imps (D:6)
  An ooze (D:1)
  An adder skeleton (D:10)
  An adder zombie (D:8)
  5 worms
  A dart slug (D:3)
  6 leopard geckos
  29 orcs
  5 giant cockroaches
  12 goblins
  3 hobgoblins
  10 jackals
  5 quokkas
  2 ball pythons
  7 bats
  4 frilled lizards
  A giant cockroach zombie (D:5)
  A jackal skeleton (D:6)
  5 kobolds
  A leopard gecko skeleton (D:5)
  9 rats
247 creatures vanquished.

Notes
Turn   | Place    | Note
-------+----------+-------------------------------------------
     0 | D:1      | Kohma the Gnoll Transmuter began the quest for the Orb.
     0 | D:1      | Reached XP level 1. HP: 17/17 MP: 6/6
   104 | D:1      | Reached XP level 2. HP: 23/23 MP: 7/7
   314 | D:1      | HP: 1/23 [goblin/+0 dagger (2)]
   395 | D:1      | Reached XP level 3. HP: 6/28 MP: 7/9
   809 | D:2      | Learned a level 2 spell: Sticks to Snakes
   813 | D:2      | Learned a level 3 spell: Spider Form
   825 | D:2      | Reached skill level 5 in Spellcasting
  1054 | D:2      | Reached skill level 1 in Invocations
  1177 | D:2      | Reached skill level 1 in Short Blades
  1177 | D:2      | Reached skill level 1 in Long Blades
  1177 | D:2      | Reached skill level 1 in Axes
  1177 | D:2      | Reached skill level 1 in Maces & Flails
  1177 | D:2      | Reached skill level 1 in Polearms
  1177 | D:2      | Reached skill level 1 in Staves
  1177 | D:2      | Reached skill level 1 in Slings
  1177 | D:2      | Reached skill level 1 in Bows
  1177 | D:2      | Reached skill level 1 in Crossbows
  1177 | D:2      | Reached skill level 1 in Throwing
  1177 | D:2      | Reached skill level 1 in Armour
  1177 | D:2      | Reached skill level 1 in Stealth
  1177 | D:2      | Reached skill level 1 in Shields
  1177 | D:2      | Reached skill level 1 in Evocations
  1279 | D:2      | Reached XP level 4. HP: 34/34 MP: 8/11
  1572 | D:2      | Found a stormy altar of Qazlal.
  2464 | D:3      | Reached skill level 1 in Conjurations
  2464 | D:3      | Reached skill level 1 in Hexes
  2464 | D:3      | Reached skill level 1 in Charms
  2464 | D:3      | Reached skill level 1 in Summonings
  2464 | D:3      | Reached skill level 1 in Necromancy
  2464 | D:3      | Reached skill level 1 in Translocations
  2464 | D:3      | Reached skill level 1 in Fire Magic
  2464 | D:3      | Reached skill level 1 in Ice Magic
  2464 | D:3      | Reached skill level 1 in Air Magic
  2464 | D:3      | Reached skill level 1 in Earth Magic
  2464 | D:3      | Reached skill level 1 in Poison Magic
  3063 | D:4      | Reached XP level 5. HP: 21/40 MP: 8/12
  3372 | D:4      | Found a bloodstained altar of Trog.
  3374 | D:4      | Found a glowing golden altar of the Shining One.
  3736 | D:4      | Found a blossoming altar of Fedhas.
  3878 | D:5      | Entered Level 5 of the Dungeon
  3936 | D:5      | Reached XP level 6. HP: 33/47 MP: 13/13
  4071 | D:5      | Noticed a sky beast
  4085 | D:5      | Killed a sky beast
  4085 | D:5      | Reached skill level 5 in Dodging
  4137 | D:5      | Noticed Duvessa
  4146 | D:5      | Noticed Dowan
  4157 | D:5      | Killed Duvessa
  4157 | D:5      | Reached XP level 7. HP: 29/52 MP: 9/15
  4163 | D:5      | Killed Dowan
  4163 | D:5      | Reached skill level 7 in Unarmed Combat
  4258 | D:5      | Found a shimmering altar of Xom.
  4771 | D:6      | Reached XP level 8. HP: 38/60 MP: 16/16
  5453 | D:6      | Got a coiled gossamer ring
  6262 | D:6      | Learned a level 4 spell: Ice Form
  6527 | D:7      | Reached XP level 9. HP: 54/66 MP: 14/18
  6537 | D:7      | Found a staircase to the Ecumenical Temple.
  6547 | Temple   | Entered the Ecumenical Temple
  6672 | Temple   | Became a worshipper of Makhleb the Destroyer
  6757 | D:7      | Identified the ring "Kuoqoe" {rElec rPois Str+4 Dex-4} (You
                  | found it on level 6 of the Dungeon)
  6812 | D:7      | Reached skill level 5 in Transmutations
  7261 | D:8      | Reached * piety under Makhleb
  7291 | D:8      | Reached skill level 5 in Fighting
  7585 | D:8      | Noticed Grum
  7604 | D:8      | Reached skill level 8 in Unarmed Combat
  7700 | D:8      | Reached skill level 5 in Invocations
  7725 | D:8      | Noticed Psyche
  7737 | D:8      | Killed Psyche
  7784 | D:8      | Killed Grum
  7784 | D:8      | Reached XP level 10. HP: 42/74 MP: 20/20
  8083 | D:9      | Identified a scroll of acquirement
  8083 | D:9      | Identified the Incunabulum of the Dark Frostbite (You
                  | acquired it on level 9 of the Dungeon)
  8119 | D:9      | Found a flagged portal.
  8144 | Bailey   | Entered a bailey
  8208 | Bailey   | Noticed an orc knight
  8270 | Bailey   | Reached skill level 5 in Short Blades
  8270 | Bailey   | Reached skill level 5 in Long Blades
  8270 | Bailey   | Reached skill level 5 in Axes
  8270 | Bailey   | Reached skill level 5 in Maces & Flails
  8270 | Bailey   | Reached skill level 5 in Polearms
  8270 | Bailey   | Reached skill level 5 in Staves
  8270 | Bailey   | Reached skill level 5 in Slings
  8270 | Bailey   | Reached skill level 5 in Bows
  8270 | Bailey   | Reached skill level 5 in Crossbows
  8270 | Bailey   | Reached skill level 5 in Throwing
  8270 | Bailey   | Reached skill level 5 in Armour
  8270 | Bailey   | Reached skill level 5 in Stealth
  8270 | Bailey   | Reached skill level 5 in Shields
  8270 | Bailey   | Reached skill level 5 in Evocations
  8398 | Bailey   | Got a heavily runed tower shield
  8559 | Bailey   | Reached ** piety under Makhleb
  8652 | Bailey   | Killed an orc knight
  8830 | D:9      | Found a staircase to the Lair.
  8833 | D:9      | Noticed a death yak
  8834 | D:9      | Identified the +6 tower shield of Polish {rElec rN+ MR+}
                  | (You found it in a bailey)
  8839 | D:9      | Noticed a death yak
  8840 | D:9      | Noticed a death yak
  8871 | D:9      | Killed a death yak
  8885 | D:9      | Killed a death yak
  8893 | D:9      | Killed a death yak
  8893 | D:9      | Reached XP level 11. HP: 58/82 MP: 22/22
  9006 | D:9      | Noticed a centaur warrior
  9021 | D:9      | Killed a centaur warrior
  9246 | D:9      | Reached skill level 9 in Unarmed Combat
  9318 | D:9      | Found an opulent altar of Gozag.
  9319 | D:9      | Found a radiant altar of Vehumet.
  9319 | D:9      | Noticed a six-headed hydra
  9320 | D:9      | Found a blossoming altar of Fedhas.
  9320 | D:9      | Noticed a cyclops
  9323 | D:9      | Found a transporter.
  9336 | D:9      | Found a transporter.
  9390 | D:9      | Reached skill level 5 in Conjurations
  9390 | D:9      | Reached skill level 5 in Hexes
  9390 | D:9      | Reached skill level 5 in Charms
  9390 | D:9      | Reached skill level 5 in Summonings
  9390 | D:9      | Reached skill level 5 in Necromancy
  9390 | D:9      | Reached skill level 5 in Translocations
  9390 | D:9      | Reached skill level 5 in Fire Magic
  9390 | D:9      | Reached skill level 5 in Ice Magic
  9390 | D:9      | Reached skill level 5 in Air Magic
  9390 | D:9      | Reached skill level 5 in Earth Magic
  9390 | D:9      | Reached skill level 5 in Poison Magic
  9677 | D:10     | Entered Level 10 of the Dungeon
  9692 | D:10     | Learned a level 2 spell: Swiftness
  9697 | D:10     | Learned a level 4 spell: Airstrike
  9703 | D:10     | Learned a level 5 spell: Borgnjor's Vile Clutch
  9781 | D:10     | Noticed a two-headed ogre
  9789 | D:10     | Killed a two-headed ogre
 10011 | D:10     | Reached *** piety under Makhleb
 10139 | D:11     | Noticed an eight-headed hydra
 10142 | D:11     | HP: 4/83 [eight-headed hydra (5)]
 10328 | Lair:1   | Entered Level 1 of the Lair of Beasts
 10361 | D:9      | HP: 3/83 [yak (17)]
 10848 | D:9      | HP: 1/84 [spiny frog (16)]
 10848 | D:9      | Slain by a porcupine

Levels and vault maps discovered:
D:1:      saegor_arrival_simple_c, layout_rooms, chequers_decorated_corner
D:2:      layout_basic, lemuel_crystal_altar, serial_forest,
          infiniplex_forest_zigzag_2, infiniplex_forest_straight_3,
          infiniplex_forest_lined_2, infiniplex_forest_lined_ring,
          infiniplex_forest_clump_diagonal, infiniplex_forest_lined_2,
          infiniplex_forest_lined_1, first_ration
D:3:      layout_basic, serial_curves, eino_curves_03, eino_curves_04
D:4:      layout_gridville, minitemple, fedhas_ov_isle_minmay
D:5:      layout_loops_ring, minmay_holes, serial_bayou_lagoon_a,
          brannock_xom_greatest_gift, uniq_duvessa
D:6:      layout_basic
D:7:      layout_rooms, minmay_temple_entry_wispy
D:8:      layout_gridville, uniq_psyche, uniq_grum
D:9:      minmay_curly_fans, layout_loops_ring, gammafunk_temple_overflow_arena,
          dpeg_lair_monsters, enter_bailey_3
D:10:     layout_roguey
D:11:     layout_basic, david_orc_3, basic_altar, blue_anna_alchemist
          [blue_anna_fruit_fields, blue_anna_fruit_fields]
Temple:   nicolae_temple_elliptical
Lair:1:   layout_cave_shapes, minmay_lair_oklob_chamber

Skill      XL: |  1  2  3  4  5  6  7  8  9 10 11 |
---------------+----------------------------------+-----
Spellcasting   | 5 6 7 8 |  8.3
Invocations    | 1 2 3 4 5 6 7 |  7.2
Short Blades   | 1 2 3 4 5 6 |  6.6
Long Blades    | 1 2 3 4 5 6 |  6.6
Axes           | 1 2 3 4 5 6 |  6.6
Maces & Flails | 1 2 3 4 5 6 |  6.6
Polearms       | 1 2 3 4 5 6 |  6.6
Staves         | 1 2 3 4 5 6 |  6.6
Slings         | 1 2 3 4 5 6 |  6.6
Bows           | 1 2 3 4 5 6 |  6.6
Crossbows      | 1 2 3 4 5 6 |  6.6
Throwing       | 1 2 3 4 5 6 |  6.6
Armour         | 1 2 3 4 5 6 |  6.6
Stealth        | 1 2 3 4 5 6 |  6.6
Shields        | 1 2 3 4 5 6 |  6.6
Evocations     | 1 2 3 4 5 6 |  6.6
Conjurations   | 1 2 3 4 5 |  5.4
Hexes          | 1 2 3 4 5 |  5.4
Charms         | 1 2 3 4 5 |  5.4
Summonings     | 1 2 3 4 5 |  5.4
Necromancy     | 1 2 3 4 5 |  5.4
Translocations | 1 2 3 4 5 |  5.4
Fire Magic     | 1 2 3 4 5 |  5.4
Ice Magic      | 1 2 3 4 5 |  5.4
Air Magic      | 1 2 3 4 5 |  5.4
Earth Magic    | 1 2 3 4 5 |  5.4
Poison Magic   | 1 2 3 4 5 |  5.4
Fighting       | 3 4 5 6 7 |  7.1
Transmutations | 4 5 6 |  6.7
Dodging        | 5 6 7 8 |  8.1
Unarmed Combat | 7 8 9 |  9.3

Action                   |  1- 3 |  4- 6 |  7- 9 | 10-12 || total
-------------------------+-------+-------+-------+-------++-------
Melee: Unarmed           |    68 |   148 |   326 |   311 ||   853
       Kick              |     4 |       |       |       ||     4
       Bite              |     3 |    10 |    14 |     1 ||    28
       Punch             |       |     1 |     4 |       ||     5
Throw: Dart              |       |     3 |     4 |    23 ||    30
 Cast: Beastly Appendage |     5 |       |       |       ||     5
       Spider Form       |     5 |    17 |    41 |    30 ||    93
       Sticks to Snakes  |       |       |     1 |       ||     1
       Ice Form          |       |       |       |     1 ||     1
       Airstrike         |       |       |       |     1 ||     1
Evoke: Wand              |       |       |       |     1 ||     1
  Use: Scroll            |       |       |    20 |     7 ||    27
       Potion            |       |       |     1 |     3 ||     4
 Stab: Sleeping          |       |     5 |     2 |     2 ||     9
       Distracted        |       |       |       |     1 ||     1
  Eat: Chunk             |     1 |     8 |    10 |    11 ||    30
       Ration            |       |     1 |     1 |       ||     2
Armor: Skin              |     1 |       |     9 |    13 ||    23
       Robe              |       |    22 |       |       ||    22
       Leather armour    |       |       |    35 |    25 ||    60
Dodge: Dodged            |    58 |   121 |   304 |   432 ||   915

Table legend:
 A = Non-vault XP
 B = Vault XP
 C = Vault XP percentage of total XP
 D = Non-vault monster count
 E = Vault monster count
 F = Vault count percentage of total count
                 A         B        C        D         E       F
            +---------+---------+-------+---------+---------+-------
      Total |   10186 |    6982 |  40.7 |     204 |      43 |  17.4
            +---------+---------+-------+---------+---------+-------
        D:1 |      35 |       0 |   0.0 |      11 |       0 |   0.0
        D:2 |      63 |       0 |   0.0 |      24 |       0 |   0.0
        D:3 |      50 |       0 |   0.0 |      17 |       0 |   0.0
        D:4 |      95 |       0 |   0.0 |       9 |       0 |   0.0
        D:5 |     607 |     221 |  26.7 |      16 |       2 |  11.1
        D:6 |    1280 |       0 |   0.0 |      39 |       0 |   0.0
        D:7 |     528 |       0 |   0.0 |       9 |       0 |   0.0
        D:8 |    1082 |     957 |  46.9 |      29 |       5 |  14.7
        D:9 |    3279 |    4265 |  56.5 |      27 |      18 |  40.0
       D:10 |    2300 |       0 |   0.0 |      16 |       0 |   0.0
       D:11 |     157 |       0 |   0.0 |       1 |       0 |   0.0
     Lair:1 |     710 |       0 |   0.0 |       6 |       0 |   0.0
     Bailey |       0 |    1539 | 100.0 |       0 |      18 | 100.0
            +---------+---------+-------+---------+---------+-------
